 Dungeon Crawl Stone Soup version 0.16-a0-3122-gccf308e (webtiles) character file.

7434 Malachi the Destroyer (level 10, -7/78 HPs)
             Began as a Black Draconian Conjurer on Dec 13, 2014.
             Was an Elder of Vehumet.
             Killed from afar by an orc wizard (10 damage)
             ... with a puff of flame
             ... on level 9 of the Dungeon.
             The game lasted 00:45:24 (15764 turns).

Malachi the Destroyer (Black Draconian Conjurer)   Turns: 15764, Time: 00:45:26

Health: -7/78      AC:  8    Str: 10    XL:     10   Next: 93%
Magic:  5/27       EV: 14    Int: 20    God:    Vehumet [****..]
Gold:   576        SH:  0    Dex: 11    Spells: 6 memorised, 9 levels left

rFire  . . .     SeeInvis .     H - +4 dagger
rCold  . . .     Clarity  .     (armour unavailable)
rNeg   + . .     SustAb   .     (no shield)
rPois  .         Gourm    .     (helmet restricted)
rElec  +         Spirit   .     g - +0 cloak
rCorr  .         Warding  .     (no gloves)
rMut   .         Stasis   .     (no boots)
MR     .....                    (no amulet)
Stlth  ++........               (no ring)
                                q - ring of positive energy

@: lethally poisoned, short of breath, not resistant to hostile enchantments,
unstealthy
A: breathe lightning, unfitting armour, electricity resistance, cold-blooded, AC
+7
a: Breathe Lightning, Renounce Religion


You were on level 9 of the Dungeon.
You worshipped Vehumet.
Vehumet was greatly pleased with you.
You were very hungry.

You visited 2 branches of the dungeon, and saw 10 of its levels.

You collected 576 gold pieces.

Inventory:

Hand weapons
 d - a +0 dagger
 p - a +0 short sword
 H - a +4 dagger (weapon)
Missiles
 a - 5 tomahawks
 x - 3 javelins (quivered)
 C - 4 silver tomahawks
 E - a throwing net
Armour
 g - a +0 cloak (worn)
Magical staves
 N - an uncursed staff of cold
Jewellery
 q - a ring of positive energy (left hand)
 G - an uncursed ring of see invisible {unknown}
Magical devices
 f - a wand of flame (23)
 r - a wand of flame (30)
 y - a wand of frost (33)
 L - a wand of magic darts (19)
 M - a wand of confusion (22)
Scrolls
 i - a scroll of remove curse
 k - a scroll of immolation
 n - 7 scrolls of teleportation
 t - a scroll of brand weapon {unknown}
 w - 2 scrolls of identify
 A - a scroll of amnesia
 D - 2 scrolls of magic mapping {unknown}
 I - a scroll of acquirement {unknown}
Potions
 e - 2 potions of haste
 h - 3 potions of resistance
 l - a potion of magic {unknown}
 o - 2 potions of curing {unknown}
 s - 2 potions of heal wounds
 u - 2 potions of poison
 v - a potion of restore abilities {unknown}
 z - a potion of agility {unknown}
 B - a potion of cancellation {unknown}
 F - a potion of decay {unknown}
 O - a potion of flight {unknown}
 P - a potion of might {unknown}
Books
 c - a book of Conjurations

   Spells                             Type                      Level
   a - Magic Dart                     Conjuration                  1
   b - Searing Ray                    Conjuration                  2
   c - Dazzling Spray                 Conjuration/Hexes            3
   d - Fulminant Prism                Conjuration/Hexes            4
   e - Iskenderun's Mystic Blast      Conjuration                  4
   f - Iskenderun's Battlesphere      Conjuration/Charms           5
 J - a book of the Earth

   Spells                             Type                      Level
   a - Leda's Liquefaction            Hexes/Earth                  4
   b - Bolt of Magma                  Conjuration/Fire/Earth       5
   c - Statue Form                    Transmutation/Earth          6
   d - Iron Shot                      Conjuration/Earth            6
   e - Shatter                        Earth                        9
Comestibles
 b - 5 bread rations
 j - 2 beef jerkies
 m - 2 meat rations
 K - 18 fruits


   Skills:
 + Level 3.7 Fighting
 + Level 0.4 Short Blades
 + Level 1.0 Throwing
 + Level 6.3 Dodging
 + Level 3.7 Stealth
 + Level 9.0 Spellcasting
 + Level 10.1 Conjurations
 + Level 2.0 Hexes
 * Level 3.5 Charms
 + Level 3.9 Air Magic


You had 9 spell levels left.
You knew the following spells:

 Your Spells              Type           Power        Failure   Level  Hunger
a - Magic Dart            Conj           ####         1%          1    None
b - Searing Ray           Conj           #####.       1%          2    None
c - Static Discharge      Conj/Air       #####...     1%          3    None
d - Dazzling Spray        Conj/Hex       ####....     1%          3    None
e - Fulminant Prism       Conj/Hex       ####......   2%          4    ###....
f - Iskenderun's Battles  Conj/Chrm      #####...     4%          5    #####..


Dungeon Overview and Level Annotations

Branches:
Dungeon (9/15)             Temple (1/1) D:5
   Lair: D:8-11         Orc: D:9-12

Altars:
Ashenzari
Cheibriados
Dithmenos
Elyvilon
Fedhas
Gozag
Kikubaaqudgha
Makhleb
Nemelex Xobeh
Okawaru
Qazlal
Ru
Sif Muna
Trog
Vehumet
Xom
Yredelemnul
Zin
The Shining One

Shops:
D:6 %


Innate Abilities, Weirdness & Mutations

You can breathe wild blasts of lightning.
Your glossy black scales are hard (AC +7).
Your body does not fit into most forms of armour.
You are resistant to electric shocks.
Your cold-blooded metabolism reacts poorly to cold.


Message History

* * * LOW HITPOINT WARNING * * *
Casting: Static Discharge
Confirm with . or Enter, or press ? or * to list all spells.
Something is struck by lightning.
The lightning arcs!
The orc priest is struck by lightning.
The orc priest is heavily wounded.
The lightning arcs!
You are struck by lightning.
You resist.
The orc priest is struck by lightning.
The orc priest is almost dead.
The lightning arcs!
Something is struck by lightning.
The lightning arcs!
You are struck by lightning.
You resist.
* * * LOW HITPOINT WARNING * * *
The lightning grounds out.
You feel sick.
The orc priest calls down the wrath of Beogh upon you.
Something smites you!
* * * LOW HITPOINT WARNING * * *
You hear some strange, mumbled words.
A puff of flame appears from out of thin air!
The puff of flame hits you!
You die...

...............(........##
.........................##
..#.....#...........).....##
.###...###.................#
..#.....#................>##
........>................##
........................##
.......................##
###############.@)....##
#{o.)..## #.)[))## .....).##
..).)..## ......## [..#.##
.#### ##############


You could see an orc priest.

Vanquished Creatures
  The ghost of hackum the Quickloader, an experienced KoHu of Ashenzari (D:6)
  Psyche (D:9)
  A two-headed ogre (D:9)
  A hippogriff (D:9)
  5 yaks
  2 hungry ghosts (D:9)
  A water moccasin (D:9)
  4 orc warriors (D:9)
  4 porcupines (D:8)
  5 phantoms
  4 ice beasts
  A necrophage (D:5)
  3 sky beasts
  4 ogres
  8 centaurs
  4 giant frogs
  2 big kobolds
  Blork the orc (D:5)
  A gnoll sergeant (D:8)
  A scorpion (D:5)
  2 jellies
  2 crimson imps
  A goliath beetle (D:6)
  A centaur zombie (D:6)
  2 centaur skeletons
  8 orc priests
  6 hounds
  8 worker ants
  5 giant frog skeletons
  Natasha (thrice) (D:4)
  4 iguanas
  13 orc wizards
  A hound skeleton (D:6)
  4 gnolls (D:8)
  13 adders
  3 giant mites
  A shadow imp (D:5)
  4 worms
  An adder zombie (D:6)
  8 giant geckos
  2 oozes
  54 orcs
  7 giant cockroaches
  17 goblins
  9 hobgoblins
  8 jackals
  18 kobolds
  4 quokkas
  A ball python (D:2)
  24 bats
  2 giant gecko skeletons
  2 giant gecko zombies (D:5)
  6 giant newts
  A giant spore (D:9)
  A jackal zombie (D:9)
  A quokka skeleton (D:5)
  A quokka zombie (D:7)
  12 rats
  9 ballistomycetes
323 creatures vanquished.

Vanquished Creatures (others)
  21 fulminant prisms
  A giant gecko (D:5)
  An orc (D:5)
  A giant newt (D:5)
  2 giant spores
  A goblin (D:5)
  A ballistomycete (D:6)
28 creatures vanquished.

Grand Total: 351 creatures vanquished

Notes
Turn   | Place    | Note
--------------------------------------------------------------
     0 | D:1      | Malachi, the Draconian Conjurer, began the quest for the Orb.
     0 | D:1      | Reached XP level 1. HP: 14/14 MP: 3/3
   304 | D:1      | Reached XP level 2. HP: 14/20 MP: 1/4
  1065 | D:1      | Learned a level 2 spell: Searing Ray
  1161 | D:2      | Reached XP level 3. HP: 10/26 MP: 0/6
  1755 | D:2      | Reached skill level 5 in Conjurations
  1755 | D:2      | Reached XP level 4. HP: 33/33 MP: 4/8
  1778 | D:2      | Found a stormy altar of Qazlal.
  1778 | D:2      | Found a glowing golden altar of the Shining One.
  1779 | D:2      | Found an iron altar of Okawaru.
  2769 | D:3      | Reached XP level 5. HP: 34/38 MP: 3/11
  4227 | D:4      | Reached XP level 6. HP: 28/45 MP: 0/13
  4871 | D:4      | Noticed a phantom
  4925 | D:4      | Killed a phantom
  4925 | D:4      | Reached skill level 6 in Conjurations
  5248 | D:4      | Found a glowing silver altar of Zin.
  5300 | D:4      | Noticed Natasha
  5333 | D:4      | Killed Natasha
  5758 | D:4      | Noticed Natasha
  5764 | D:4      | Killed Natasha
  5892 | D:4      | Your scales start taking on a glossy black colour.
  5892 | D:4      | Gained mutation: You are resistant to electric shocks. [draconian maturity]
  5892 | D:4      | Reached XP level 7. HP: 50/50 MP: 13/17
  5925 | D:4      | Noticed Natasha
  5942 | D:4      | Killed Natasha
  6087 | D:5      | Entered Level 5 of the Dungeon
  6175 | D:5      | Learned a level 4 spell: Iskenderun's Mystic Blast
  6186 | D:5      | Found a staircase to the Ecumenical Temple.
  6191 | D:5      | Reached skill level 1 in Throwing
  6302 | Temple   | Entered the Ecumenical Temple
  6367 | Temple   | Became a worshipper of Vehumet
  6482 | D:5      | Found a shimmering altar of Xom.
  6581 | D:4      | Reached skill level 7 in Conjurations
  6586 | D:4      | Learned a level 3 spell: Dazzling Spray
  6982 | D:5      | Reached skill level 5 in Spellcasting
  7216 | D:5      | Reached XP level 8. HP: 53/58 MP: 8/20
  7330 | D:5      | Reached skill level 1 in Fighting
  7707 | D:5      | Acquired Vehumet's first power
  7707 | D:5      | Offered knowledge of Sandblast by Vehumet.
  7707 | D:5      | Reached skill level 1 in Hexes
  8078 | D:5      | Noticed Blork the orc
  8089 | D:5      | Killed Blork the orc
  8089 | D:5      | Reached skill level 8 in Conjurations
  8865 | D:6      | Found Wuniuj's Food Boutique.
  9320 | D:6      | Reached XP level 9. HP: 63/67 MP: 13/23
  9493 | D:6      | Noticed hackum's ghost (experienced KoHu)
  9507 | D:6      | Killed hackum's ghost
  9617 | D:6      | Learned a level 4 spell: Fulminant Prism
 10709 | D:7      | Reached skill level 9 in Conjurations
 11530 | D:7      | Offered knowledge of Sting by Vehumet.
 11988 | D:8      | Learned a level 5 spell: Iskenderun's Battlesphere
 12015 | D:8      | Found an opulent altar of Gozag.
 12458 | D:8      | Reached skill level 5 in Dodging
 12458 | D:8      | Reached skill level 1 in Charms
 12668 | D:8      | Offered knowledge of Static Discharge by Vehumet.
 12680 | D:8      | Reached XP level 10. HP: 48/75 MP: 16/26
 12806 | D:8      | Learned a level 3 spell: Static Discharge
 13016 | D:8      | Found a sparkling altar of Nemelex Xobeh.
 13168 | D:8      | Acquired Vehumet's second power
 13721 | D:9      | Noticed Psyche
 13742 | D:8      | Reached skill level 1 in Air Magic
 14061 | D:9      | Killed Psyche
 14595 | D:9      | Offered knowledge of Conjure Flame by Vehumet.
 14604 | D:9      | Reached skill level 10 in Conjurations
 15461 | D:9      | Found a white marble altar of Elyvilon.
 15516 | D:9      | Acquired Vehumet's third power
 15747 | D:9      | Offered knowledge of Airstrike by Vehumet.
 15764 | D:9      | HP: 3/78 [orc priest/divine providence (8)]
 15764 | D:9      | Killed from afar by an orc wizard

Action                   |  1- 3 |  4- 6 |  7- 9 | 10-12 || total
-------------------------+-------+-------+-------+-------++-------
Melee: Dagger            |    43 |       |    22 |    54 ||   119
       Short sword       |       |    25 |    82 |       ||   107
       Staff             |       |       |       |     6 ||     6
Throw: Javelin           |       |     7 |       |     2 ||     9
 Cast: Magic Dart        |    51 |   156 |   134 |    27 ||   368
       Searing Ray       |     3 |    18 |    67 |       ||    88
       Dazzling Spray    |       |       |    10 |     2 ||    12
       Iskenderun's Myst |       |       |    12 |       ||    12
       Fulminant Prism   |       |       |    16 |     5 ||    21
       Iskenderun's Batt |       |       |     1 |       ||     1
       Static Discharge  |       |       |       |   108 ||   108
 Abil: Breathe Lightning |       |       |     7 |     4 ||    11
Evoke: Wand              |       |       |       |     2 ||     2
  Use: Scroll            |       |     9 |     2 |     2 ||    13
       Potion            |       |     1 |     1 |     1 ||     3
 Stab: Sleeping          |     1 |       |       |       ||     1
  Eat: Chunk             |     3 |    11 |    17 |     6 ||    37
       Fruit             |       |     3 |     2 |     6 ||    11
       Pizza             |       |       |     1 |       ||     1
       Meat ration       |       |       |     1 |       ||     1
       Royal jelly       |       |       |     1 |       ||     1
